 Dungeon Crawl Stone Soup version 0.27.1-35-g4d5d836560 (webtiles) character file.

Game seed: 16901046139223558635

688831 Delamore the Imperceptible (level 27, -8/195 HPs)
             Began as an Octopode Brigand on May 20, 2022.
             Was an Initiate of Gozag.
             Killed from afar by a shock serpent (10 damage)
             ... with an electric aura
             ... on level 5 of a ziggurat.
             The game lasted 03:15:41 (111774 turns).

Delamore the Imperceptible (Octopode Brigand)     Turns: 111774, Time: 03:15:41

Health: -8/195     AC:  8    Str: 19    XL:     27
Magic:  44/44      EV: 29    Int: 38    God:    Gozag
Gold:   516        SH: 29    Dex: 21    Spells: 35/51 levels left

rFire    + + .     SeeInvis .   R - +8 rapier of Orheut {freeze, rPois rF+ rC+ rN+}
rCold    + + .     Faith    .   r - +5 kite shield {reflect}
rNeg     + + +     Spirit   .   K - +2 hood of the Assassin {Detection Stab+ Stlth++}
rPois    +         Reflect  +   x - amulet "Wodde" {Reflect Int+7 Slay+3 SH+5}
rElec    .         Harm     .   l - +4 ring of slaying
rCorr    +         Rampage  .   v - +4 ring of slaying
Will     +++++                  O - ring of Patu {rN+ Str+6 Int+4 Slay+5 Stlth+} Stlth ***+++++++
                                w - ring "Fatabro" {rN+ Will+ Str+3 Dex+2}
HPRegen  0.00/turn              J - +4 ring of protection
MPRegen  0.29/turn              I - ring "Uzean" {+Blink rF+ rC+ Str-2 Int+6}
                                t - ring "Daviod" {Will++ rCorr MP+9 Str+2}
                                V - ring of willpower

@: inhibited regen, studying Unarmed Combat
A: almost no armour, amphibious, 8 rings, camouflage 1, gelatinous body 1,
(nimble swimmer 1), tentacles, large bone plates 1, clever 1, frail 1, low mp 1,
poison resistance, shaggy fur 1, inhibited regeneration, weak 1, subdued magic 1
}: 3/15 runes: decaying, silver, gossamer
a: Renounce Religion, Evoke Blink, Potion Petition, Call Merchant, Bribe Branch


You were on level 5 of a ziggurat.
You worshipped Gozag.
Gozag was pleased with you.
You visited 12 branches of the dungeon, and saw 54 of its levels.
You visited 1 ziggurat, and saw 5 of its levels.
You also visited: Sewer, Bailey and Ice Cave.

You collected 31578 gold pieces.
You spent 11861 gold pieces at shops.
You paid 19201 gold pieces to Gozag.

Inventory:

Hand Weapons
 R - the +8 rapier of Orheut (weapon) {freeze, rPois rF+ rC+ rN+}
   (You bought it in a shop on level 1 of the Lair of Beasts)

   It freezes those it strikes, dealing additional cold damage.
   It can also slow down cold-blooded creatures.
   rF:        It protects you from fire.
   rC:        It protects you from cold.
   rPois:     It protects you from poison.
   rN:        It protects you from negative energy.
Missiles
 b - 3 silver javelins
 D - 9 javelins (quivered)
 X - 79 boomerangs
 Z - 4 throwing nets
Armour
 r - a +5 kite shield of reflection (worn)
 K - the +2 hood of the Assassin (worn) {Detection Stab+ Stlth++}
   (You bought it in a shop on level 2 of the Vaults)

   It allows the wearer to sense nearby creatures.
   It allows the wearer to make particularly effective stabbing attacks against
   helpless or unaware enemies with any weapon.
   Stlth:     It makes you much more stealthy.
Jewellery
 l - a +4 ring of slaying (left tentacle)
 t - the ring "Daviod" (on tentacle) {Will++ rCorr MP+9 Str+2}
   (You bought it in a shop on level 10 of the Dungeon)

   [ring of magical power]

   Str:       It affects your strength (+2).
   MP:        It affects your magic capacity (+9).
   rCorr:     It protects you from acid and corrosion.
   Will:      It greatly increases your willpower.
 v - a +4 ring of slaying (right tentacle)
 w - the ring "Fatabro" (on tentacle) {rN+ Will+ Str+3 Dex+2}
   (You found it on level 2 of the Depths)

   [ring of willpower]

   Str:       It affects your strength (+3).
   Dex:       It affects your dexterity (+2).
   rN:        It protects you from negative energy.
   Will:      It increases your willpower.
 x - the amulet "Wodde" (around mantle) {Reflect Int+7 Slay+3 SH+5}
   (You bought it in a shop on level 1 of the Crypt)

   [amulet of reflection]

   It reflects blocked missile attacks.
   Int:       It affects your intelligence (+7).
   Slay:      It affects your accuracy & damage with ranged weapons and melee
   (+3).
   SH:        It affects your SH (+5).
 I - the ring "Uzean" (on tentacle) {+Blink rF+ rC+ Str-2 Int+6}
   (You found it on level 2 of the Depths)

   [ring of intelligence]

   Str:       It affects your strength (-2).
   Int:       It affects your intelligence (+6).
   rF:        It protects you from fire.
   rC:        It protects you from cold.
   +Blink:    It lets you blink.
 J - a +4 ring of protection (on tentacle)
 O - the ring of Patu (on tentacle) {rN+ Str+6 Int+4 Slay+5 Stlth+}
   (You found it on level 2 of the Depths)

   [ring of strength]

   Str:       It affects your strength (+6).
   Int:       It affects your intelligence (+4).
   Slay:      It affects your accuracy & damage with ranged weapons and melee
   (+5).
   rN:        It protects you from negative energy.
   Stlth:     It makes you more stealthy.
 V - a ring of willpower (on tentacle)
Wands
 c - a wand of paralysis (79)
 q - a wand of acid (52)
 E - a wand of iceblast (49)
 H - a wand of digging (19)
 U - a wand of mindburst (57)
Scrolls
 a - 2 scrolls of summoning
 d - 12 scrolls of enchant weapon
 e - 24 scrolls of teleportation
 g - 5 scrolls of immolation
 h - 2 scrolls of blinking
 m - 12 scrolls of fear
 s - 3 scrolls of fog
 u - 3 scrolls of holy word
 y - 11 scrolls of magic mapping
 z - 2 scrolls of brand weapon
 A - 7 scrolls of enchant armour
 M - 8 scrolls of silence
 W - 9 scrolls of identify
Potions
 f - 7 potions of resistance
 i - 3 potions of might
 j - 39 potions of curing
 o - a potion of invisibility
 B - 18 potions of ambrosia
 C - 15 potions of haste
 F - 5 potions of cancellation
 G - 4 potions of berserk rage
 T - 6 potions of heal wounds
Miscellaneous
 k - a phial of floods
 n - a condenser vane (inert)
 L - a box of beasts
 N - a lightning rod (4/4)
 S - a tin of tremorstones (inert)
 Y - a phantom mirror


   Skills:
 - Level 25.0 Fighting
 - Level 14.0 Short Blades
 - Level 25.0 Throwing
 - Level 20.0 Dodging
 - Level 25.0 Stealth
 + Level 17.0 Shields
 + Level 12.7 Spellcasting
 + Level 13.1 Hexes
 - Level 5.0 Translocations
 - Level 5.0 Air Magic
 - Level 15.0 Evocations


You had 35 spell levels left.
You knew the following spells:

 Your Spells              Type           Power      Damage    Failure   Level
a - Dazzling Flash        Conj/Hex       100%       N/A       1%          3
b - Silence               Hex/Air        32%        N/A       1%          5
c - Blink                 Tloc           N/A        N/A       1%          2
d - Lesser Beckoning      Tloc           23%        N/A       1%          3
e - Frozen Ramparts       Ice            36%        1d5       3%          3

Your spell library contained the following spells:

 Spells                   Type           Power      Damage    Failure   Level
 Slow                     Hex            77%        N/A       0%          2
 Confusing Touch          Hex            77%        N/A       0%          3
 Animate Skeleton         Necr           36%        N/A       1%          1
 Apportation              Tloc           94%        N/A       1%          1
 Beastly Appendage        Tmut           36%        N/A       1%          1
 Foxfire                  Conj/Fire      72%        2x1d7     1%          1
 Magic Dart               Conj           72%        1d6       1%          1
 Pain                     Necr           72%        1d7       1%          1
 Sandblast                Erth           36%        2d10      1%          1
 Sting                    Tmut/Pois      72%        1d6       1%          1
 Summon Small Mammal      Summ           72%        N/A       1%          1
 Ensorcelled Hibernation  Hex/Ice        100%       N/A       1%          2
 Passwall                 Tmut/Erth      15%        N/A       1%          2
 Poisonous Vapours        Pois/Air       66%        N/A       1%          2
 Searing Ray              Conj           36%        3d4       1%          2
 Static Discharge         Conj/Air       33%        N/A       1%          2
 Wereblood                Tmut           18%        N/A       1%          2
 Gell's Gravitas          Tloc           23%        N/A       1%          3
 Inner Flame              Hex/Fire       55%        N/A       1%          3
 Mephitic Cloud           Conj/Pois/Air  28%        N/A       1%          3
 Portal Projectile        Hex/Tloc       100%       N/A       1%          3
 Summon Guardian Golem    Hex/Summ       55%        N/A       1%          3
 Teleport Other           Tloc           47%        N/A       1%          3
 Cause Fear               Hex            38%        N/A       1%          4
 Fulminant Prism          Conj/Hex       27%        3d14      1%          4
 Leda's Liquefaction      Hex/Erth       27%        N/A       1%          4
 Invisibility             Hex            38%        N/A       1%          6
 Call Canine Familiar     Summ           18%        N/A       3%          3
 Conjure Flame            Conj/Fire      18%        6-21      3%          3
 Ignite Poison            Fire/Tmut/Pois 18%        N/A       3%          3
 Ozocubu's Armour         Ice            18%        N/A       3%          3
 Spider Form              Tmut/Pois      9%         N/A       3%          3
 Stone Arrow              Conj/Erth      36%        3d9       3%          3
 Vampiric Draining        Necr           9%         2d7       3%          3
 Iskenderun's Mystic Bla  Conj/Tloc      33%        2d8       4%          4
 Summon Lightning Spire   Summ/Air       33%        N/A       4%          4
 Manifold Assault         Tloc           47%        N/A       4%          5
 Animate Dead             Necr           9%         N/A       13%         4
 Dispel Undead            Necr           18%        3d11      13%         4
 Hailstorm                Conj/Ice       18%        3d6       13%         4
 Ice Form                 Ice/Tmut       18%        N/A       13%         4
 Olgreb's Toxic Radiance  Pois           18%        N/A       13%         4
 Petrify                  Tmut/Erth      18%        N/A       13%         4
 Sticky Flame             Conj/Fire      18%        2d4       13%         4
 Summon Ice Beast         Ice/Summ       18%        N/A       13%         4
 Lightning Bolt           Conj/Air       16%        1d30      13%         5
 Dispersal                Tloc           23%        N/A       26%         6
 Agony                    Necr           18%        N/A       34%         5
 Alistair's Intoxication  Tmut/Pois      12%        N/A       34%         5
 Blade Hands              Tmut           9%         N/A       34%         5
 Bolt of Magma            Conj/Fire/Erth 9%         4d7       34%         5
 Borgnjor's Vile Clutch   Necr/Erth      9%         N/A       34%         5
 Excruciating Wounds      Necr           9%         N/A       34%         5
 Fireball                 Conj/Fire      9%         3d6       34%         5
 Lee's Rapid Deconstruct  Erth           9%         3d8*      34%         5
 Discord                  Hex            38%        N/A       36%         8
 Death Channel            Necr           9%         N/A       91%         6
 Statue Form              Tmut/Erth      12%        N/A       91%         6
 Malign Gateway           Summ/Tloc      16%        N/A       99%         7
 Storm Form               Tmut/Air       16%        N/A       99%         7
 Dragon Form              Tmut           9%         N/A       100%        7
 Monstrous Menagerie      Summ           9%         N/A       100%        7
 Orb of Destruction       Conj           9%         9d4       100%        7
 Spellforged Servitor     Conj/Summ      9%         N/A       100%        7
 Borgnjor's Revivificati  Necr           9%         N/A       100%        8
 Lehudib's Crystal Spear  Conj/Erth      9%         10d4      100%        8
 Maxwell's Capacitive Co  Air            23%        ∞         100%        8
 Summon Horrible Things   Summ           9%         N/A       100%        8
 Chain Lightning          Conj/Air       16%        3d22      100%        9
 Animate Armour           Summ/Erth      Unusable   N/A       N/A         4

Dungeon Overview and Level Annotations

Branches:
Dungeon (15/15)            Temple (1/1) D:6            Lair (6/6) D:8
  Swamp (4/4) Lair:2       Spider (4/4) Lair:4        Slime (0/5) Lair:6
    Orc (2/2) D:12            Elf (3/3) Orc:2        Vaults (5/5) D:14
  Crypt (3/3) Vaults:3       Tomb (0/3) Crypt:3      Depths (5/5) D:15
   Hell (visited)             Dis (0/7) Hell            Geh (0/7) Hell
    Coc (0/7) Hell            Tar (0/7) Hell            Zot (5/5) Depths:5
  Sewer (visited)          Bailey (visited)           IceCv (visited)

Altars:
Ashenzari
Dithmenos
Elyvilon
Fedhas
Gozag
Hepliaklqana
Kikubaaqudgha
Makhleb
Nemelex Xobeh
Okawaru
Qazlal
Ru
Trog
Wu Jian
Xom
Yredelemnul
The Shining One
Beogh
Jiyva

Shops:
D:6 !   D:7 (   D:9 *   D:10 =   D:14 *?   D:15 **   Orc:2 [*!!   Elf:1 =*
Elf:3 (   Lair:1 *   Lair:4 *   Vaults:2 [   Vaults:4 !:(   Crypt:1 =
Depths:4 *   Depths:5 =

Portals:
Hell: Depths:1 Depths:2 Depths:3 Depths:4 Depths:5
Abyss: Depths:1 Depths:4
Pandemonium: Depths:1 Depths:3

Annotations:
Lair:5 exclusion: oklob plant


Innate Abilities, Weirdness & Mutations

You cannot wear most types of armour.
You are amphibious.
You can wear up to eight rings at the same time.
Your skin changes colour to match your surroundings (Stealth+).
Your rubbery body absorbs attacks. (AC +1, EV +1)
((You are camouflaged near water. (Stealth+)))
You have tentacles for arms and can constrict up to eight enemies at once.
You are partially covered in large bone plates. (SH +4)
Your mind is acute. (Int +2)
You are frail. (-10% HP)
Your magical capacity is low. (-10% MP)
Your system is resistant to poisons. (rPois)
You are covered in fur. (AC +1)
You do not regenerate when monsters are visible.
You are weak. (Str -2)
Your spells are a little easier to cast, but a little less powerful.


Message History

The bolt of lightning misses you.
The shock serpent is engulfed in blazing flames.
You block the electric golem's attack. x2
The electric golem completely misses you.
The electric golem misses you.
The shock serpent is engulfed in blazing flames.
The shock serpent shoots out a bolt of lightning at you!
The bolt of electricity hits the electric golem.
The electric golem completely resists.
The bolt of electricity hits you!
The electric golem is engulfed in blazing flames.
The shock serpent is engulfed in blazing flames.
The spriggan air mage is engulfed in blazing flames.
The spriggan air mage waves its arms in wide circles.
The air twists around and strikes you!!
You impale the electric golem!! You freeze the electric golem.
The electric golem is almost destroyed.
The shock serpent is engulfed in blazing flames.
The shock serpent's electric aura discharges, shocking you!
* * * LOW HITPOINT WARNING * * *
You block the electric golem's attack. x2
The electric golem hits you but does no damage.
You block the electric golem's attack.
The shock serpent is engulfed in blazing flames.
The shock serpent's electric aura discharges, shocking you!
* * * LOW HITPOINT WARNING * * *
The electric golem hits you!
* * * LOW HITPOINT WARNING * * *
The electric golem shocks you!!
* * * LOW HITPOINT WARNING * * *
The electric golem closely misses you. You block the electric golem's attack.
The electric golem hits you.
* * * LOW HITPOINT WARNING * * *
The shock serpent is engulfed in blazing flames.
The shock serpent shoots out a bolt of lightning at you!
The bolt of electricity hits the electric golem.
The electric golem completely resists.
The bolt of electricity hits you!
* * * LOW HITPOINT WARNING * * *
The shock serpent's electric aura discharges, shocking you!
You die...
Your body crumbles into a pile of gold.

▓▓▓▓▓▓▓▓▓
▓§§.....▓
▓▓▓▓§§§§§§§▓▓
▓..§§@8S§§§..
▓..§§§8S§§§..
▓..§§§§S§§..(
▓∩....§§§§§§§
▓.......§§§i§
▓.......§§§§§
▓............
▓▓▓▓.......▓▓
.......


You could see 2 electric golems, 3 shock serpents and a spriggan air mage
(repels missiles).

Vanquished Creatures
  2 dread liches (Zot:5)
  Tiamat (Zot:5)
  8 orbs of fire (Zot:5)
  Mara (Depths:1)
  3 ancient liches
  Mennas (Vaults:3)
  A juggernaut (Depths:4)
  Sojobo (Vaults:5)
  2 Killer Klowns (Zot:5)
  Saint Roka (Elf:2)
  Frederick (Vaults:3)
  The ghost of Saogh the Wrestler, a veteran MiMo of Makhleb (Depths:1)
  11 golden dragons
  Nikola (Spider:1)
  Geryon (Hell)
  A bone dragon (Zig:4)
  5 electric golems
  16 tentacled monstrosities
  Rupert (Orc:2)
  A hellephant (Depths:1)
  Jorgrun (Orc:2)
  4 liches
  15 Orb Guardians
  6 quicksilver dragons
  The ghost of Vimusuoff the Slayer, an adept MiFi of Wu Jian (Swamp:3)
  3 deep elf blademasters
  A quicksilver dragon (shapeshifter) (Vaults:5)
  3 titans
  6 acid blobs (Depths:1)
  5 death cobs
  The ghost of Vubreenic the Markscentaur, an adept CeHu of Okawaru (Spider:3)
  2 deep elf master archers (Elf:3)
  6 ancient champions
  8 shadow dragons
  8 sphinxes
  The ghost of makewrite the Bludgeoner, an adept MiHu of Yredelemnul (Swamp:1)
  18 storm dragons
  5 thorn hunters
  Gastronok (Lair:1)
  6 draconian monks
  Donald (Orc:2)
  12 tengu reavers
  4 revenants
  Roxanne (Elf:2)
  4 rockslimes (Depths:1)
  4 azure jellies (Depths:1)
  5 deep elf sorcerers
  10 frost giants
  5 fenstrider witches (Swamp:4)
  6 fire giants
  6 ghost moths
  6 draconian knights
  7 vault wardens
  5 iron dragons
  2 draconian scorchers
  6 emperor scorpions
  3 balrugs
  Louise (Depths:4)
  Aizul (Swamp:2)
  2 orc warlords (Orc:2)
  The ghost of Dagixteadi the Thaumaturge, a journeyman DsIE of Gozag (D:15)
  2 cacodemons
  18 ironbound preservers
  5 draconian shifters (Zot:1)
  14 ghouls
  12 reapers
  4 draconian stormcallers
  3 war gargoyles
  An angel (Depths:1)
  A deep elf elementalist (Elf:3)
  3 curse skulls
  8 draconian annihilators
  26 very ugly things
  The ghost of Sapher the Thrower, a journeyman TrFi of Okawaru (Lair:2)
  13 stone giants
  The ghost of Mitsuki the Scorcher, an adept DECj of Cheibriados (Spider:1)
  15 green draconians
  Nessos (Lair:4)
  5 black draconians
  4 vampire knights
  4 dire elephants
  5 deep elf demonologists
  9 white draconians
  13 purple draconians
  5 deep elf annihilators (Elf:3)
  A bunyip (Swamp:1)
  A lorocyproca (Hell)
  4 entropy weavers
  15 yellow draconians
  5 eleionomae
  6 red draconians
  2 green deaths (Swamp:4)
  9 deep elf death magi
  3 spark wasps
  4 crystal guardians
  A mummy priest (Crypt:3)
  8 yaktaur captains
  11 eidola
  7 ettins
  5 jiangshi
  14 fire dragons
  A quicksilver dragon skeleton (Hell)
  A shambling mangrove (Swamp:3)
  11 great orbs of eyes
  3 deep elf high priests
  20 hydras
  4 ice dragons
  Fannar (Orc:1)
  5 rakshasas
  Erolcha (D:9)
  3 peacekeepers
  3 ghost crabs
  A caustic shrike simulacrum (IceCv)
  8 spriggan air magi
  2 ironbound thunderhulks
  2 death knights (Crypt:2)
  A monstrous demonspawn (Depths:1)
  27 vault guards
  3 ogre magi
  Erica (D:9)
  9 alligators
  8 boulder beetles
  8 centaur warriors
  11 ironbound frosthearts
  4 catoblepae
  12 death yaks (Lair:6)
  7 two-headed ogres
  5 vampire magi
  9 deep troll earth magi
  8 tengu warriors
  A thrashing horror (Zig:4)
  3 deep troll shamans
  6 spriggan berserkers
  3 titan zombies
  7 hell hogs (Hell)
  6 ironbound beastmasters
  4 orc high priests (Orc:2)
  6 hell knights
  11 sun demons
  4 iron golems
  12 soul eaters
  2 storm dragon zombies
  23 skeletal warriors
  6 sixfirhies
  A titan skeleton (Crypt:1)
  2 storm dragon skeletons
  5 goliath frogs
  8 iron trolls
  20 deep elf knights
  2 flayed ghosts
  3 glowing orange brains
  2 shadow wraiths (Crypt:2)
  A goliath frog (shapeshifter) (Depths:4)
  A spriggan druid (Swamp:4)
  A death drake (shapeshifter) (D:13)
  6 swamp dragons
  49 deep trolls
  18 deep elf archers
  5 anaconda zombies
  3 orange crystal statues
  2 death drakes (Swamp:4)
  13 phantasmal warriors
  2 obsidian statues
  12 wizards
  10 bog bodies
  2 golden dragon skeletons
  A spectral wolf spider (Spider:1)
  6 harpies
  42 deep elf zephyrmancers
  21 necromancers
  22 ironbound convokers
  2 shadow dragon zombies (Crypt:3)
  9 lindwurms
  14 orb spiders
  33 wolf spiders
  A wolf spider zombie (Crypt:3)
  23 deep elf pyromancers
  7 orc knights
  A mana viper (shapeshifter) (Depths:4)
  9 orc sorcerers
  A salamander (shapeshifter) (D:14)
  3 cyclopes
  5 manticores
  An iron dragon zombie (Crypt:3)
  A fire giant zombie (Crypt:2)
  16 moths of wrath
  11 will-o-the-wisps
  41 slime creatures
  A stone giant zombie (Crypt:3)
  73 ugly things
  An elephant (shapeshifter) (Vaults:5)
  A guardian serpent (Elf:2)
  A stone giant skeleton (Crypt:3)
  A frost giant skeleton (Crypt:3)
  2 black mambas
  15 elephants
  12 rust devils
  2 fire giant skeletons (Crypt:3)
  A dire elephant zombie (Crypt:3)
  8 molten gargoyles
  4 torpor snails
  8 spectral spriggans (Swamp:2)
  2 iron dragon skeletons
  11 vault sentinels
  A guardian serpent (shapeshifter) (Vaults:5)
  2 ice statues
  5 orange demons
  Joseph (D:8)
  A dire elephant skeleton (Crypt:3)
  A black mamba (shapeshifter) (D:14)
  3 smoke demons
  4 gargoyles
  2 shock serpent skeletons
  A kobold demonologist (D:13)
  10 cane toads
  A hellion (Depths:1)
  19 hellwings
  7 ice devils
  An efreet (D:15)
  A black draconian zombie (Crypt:3)
  7 rime drakes
  7 yaktaurs
  10 komodo dragons
  7 tengu conjurers
  A yaktaur (shapeshifter) (Elf:2)
  3 sea snake zombies
  18 demonic crawlers
  15 freezing wraiths
  An anaconda simulacrum (IceCv)
  6 guardian mummies
  3 hydra zombies
  A tormentor (Hell)
  A sea snake skeleton (Hell)
  A white draconian skeleton (Crypt:1)
  A death drake zombie (Crypt:2)
  A yellow draconian skeleton (Crypt:2)
  11 trolls
  35 jumping spiders
  4 meliai
  A queen bee (Spider:3)
  5 bloated husks
  4 human zombies
  A troll (shapeshifter) (Elf:3)
  30 hornets
  4 tyrant leeches
  A tengu simulacrum (Vaults:3)
  2 polar bears
  A raiju (Zig:4)
  A raiju (shapeshifter) (Elf:3)
  2 ettin zombies
  4 dream sheep (Lair:4)
  3 fire dragon zombies (Crypt:3)
  A spectral jumping spider (Spider:1)
  2 spectral tarantellas (Spider:1)
  A frost giant simulacrum (Crypt:1)
  Sigmund (D:6)
  A large abomination (Zig:4)
  2 shadows
  11 blink frogs
  A fire dragon skeleton (Crypt:1)
  6 flying skulls
  2 vampires
  3 ettin skeletons
  23 spriggans
  2 dire elephant simulacra (IceCv)
  2 air elementals (Elf:2)
  A ynoxinul (Depths:1)
  7 water elementals
  22 tarantellas
  4 wraiths
  A yak (shapeshifter) (Vaults:5)
  65 redbacks
  5 basilisks
  A human (shapeshifter) (Vaults:5)
  15 wyverns
  Eustachio (D:5)
  51 yaks
  A black mamba skeleton (Crypt:1)
  A steam dragon (D:8)
  A fire elemental (Elf:3)
  A redback simulacrum (Spider:1)
  Edmund (D:5)
  4 wargs
  2 spectral orb spiders (Spider:1)
  11 vampire mosquitoes
  12 swamp worms
  23 water moccasins
  A hydra simulacrum (IceCv)
  3 acid dragons
  7 hell hounds
  3 floating eyes
  A tarantella simulacrum (Spider:1)
  45 orc warriors
  2 ice beasts
  A black bear (Lair:2)
  A jumping spider simulacrum (Spider:1)
  2 alligator simulacra (IceCv)
  2 swamp drakes (Swamp:2)
  6 necrophages
  9 wolves
  17 ogres
  5 boggarts (Vaults:1)
  A phantom (D:5)
  15 centaurs
  A dream sheep skeleton (Crypt:1)
  2 salamander zombies (Crypt:1)
  5 kobold brigands
  A gnoll sergeant (D:10)
  11 bullfrogs
  3 scorpions
  An earth elemental (Elf:2)
  A water moccasin zombie (D:5)
  8 wyvern skeletons (Crypt:3)
  2 hornet simulacra (Spider:1)
  24 killer bees
  A lindwurm simulacrum (IceCv)
  12 wights
  6 electric eels
  7 howler monkeys
  A bullfrog zombie (Crypt:2)
  A wolf skeleton (Crypt:1)
  5 centaur zombies
  4 hounds
  Crazy Yiuf (D:7)
  A bullfrog skeleton (D:6)
  36 orc priests
  A centaur skeleton (D:6)
  A gnoll shaman (D:8)
  A human skeleton (Crypt:1)
  22 orc wizards
  8 iguanas
  14 hell rats
  A demigod zombie (Crypt:2)
  A felid zombie (Crypt:2)
  An ogre skeleton (Crypt:3)
  A tengu skeleton (Crypt:3)
  A hound skeleton (D:4)
  A howler monkey zombie (D:8)
  3 mummies (Crypt:1)
  Robin (D:3)
  25 gnolls
  A steam dragon zombie (Crypt:2)
  7 adders
  An ufetubus (D:4)
  7 worms
  A barachi skeleton (Crypt:2)
  4 dart slugs
  90 orcs
  8 ball pythons
  2 bat zombies (Depths:4)
  11 endoplasms
  5 giant cockroaches
  32 goblins
  20 hobgoblins
  4 jackals (Sewer)
  8 quokkas
  3 training dummies (Elf:3)
  17 bats
  2 frilled lizards
  A frilled lizard zombie (Crypt:1)
  34 kobolds
  A quokka skeleton (Crypt:1)
  5 rats
  2 rat zombies (Depths:4)
  2 withered plants (Crypt:3)
2521 creatures vanquished.

Vanquished Creatures (collateral kills)
  A golden dragon (Zot:5)
  A tengu reaver (Vaults:5)
  A storm dragon (Vaults:5)
  A draconian knight (Zot:5)
  A frost giant (Vaults:5)
  2 vault wardens (Vaults:5)
  A draconian scorcher (Zot:5)
  A ghost moth (shapeshifter) (Vaults:5)
  2 draconian annihilators (Zot:5)
  An ironbound preserver (Vaults:5)
  A stone giant (Vaults:5)
  A draconian stormcaller (Zot:5)
  A green draconian (Zot:5)
  2 deep elf demonologists (Vaults:5)
  A yellow draconian (Zot:5)
  2 white draconians (Zot:5)
  A red draconian (Zot:5)
  An ettin (Vaults:5)
  An ogre mage (Vaults:5)
  A faun (shapeshifter) (Vaults:5)
  A freezing wraith (Vaults:5)
25 creatures vanquished.

Vanquished Creatures (others)
  2 ancient liches
  2 orbs of fire (Zot:5)
  A Killer Klown (Zot:5)
  A golden dragon (Vaults:5)
  A tentacled monstrosity (Vaults:5)
  10 Orb Guardians (Zot:5)
  2 death cobs (Zot:5)
  2 storm dragons
  2 tengu reavers (Vaults:5)
  A vault warden (Vaults:5)
  5 fire giants (Vaults:5)
  A draconian knight (Zot:5)
  A draconian stormcaller (Zot:5)
  An ironbound preserver (Vaults:5)
  4 stone giants (Vaults:5)
  A white draconian (Zot:5)
  4 black draconians (Zot:5)
  2 yellow draconians (Zot:5)
  A purple draconian (Zot:5)
  An ettin (Vaults:5)
  2 deep elf death magi (Vaults:5)
  A vault guard (Vaults:5)
  26 dancing weapons
  A deep elf knight (Elf:3)
  A hell knight (Vaults:5)
  A deep elf zephyrmancer (Elf:2)
  A wolf spider (Spider:1)
  2 vault sentinels (Vaults:5)
  A freezing wraith (Vaults:5)
  2 bloated husks (Swamp:1)
  2 hornets
  A water elemental (Hell)
  A yak (Lair:6)
  A fire bat (shapeshifter) (Vaults:5)
  An orc warrior (Orc:2)
  An ogre (Depths:3)
  3 earth elementals (Swamp:1)
  A killer bee (Spider:3)
  25 foxfires
  48 fungi
  60 plants
  5 withered plants (Crypt:3)
232 creatures vanquished.

Grand Total: 2778 creatures vanquished

Notes
Turn   | Place    | Note
-------+----------+-------------------------------------------
     0 | D:1      | Delamore the Octopode Brigand began the quest for the Orb.
     0 | D:1      | Reached XP level 1. HP: 14/14 MP: 1/1
   125 | D:1      | Reached XP level 2. HP: 19/19 MP: 2/2
  1050 | D:2      | Reached XP level 3. HP: 24/24 MP: 3/3
  1299 | D:2      | Found a faded altar of an unknown god.
  1459 | D:2      | Found a blossoming altar of Fedhas.
  2031 | D:2      | Reached XP level 4. HP: 24/29 MP: 4/4
  2802 | D:3      | Reached XP level 5. HP: 34/34 MP: 5/5
  2836 | D:3      | Noticed Robin
  2873 | D:3      | Killed Robin
  3192 | D:3      | Noticed an ogre
  3205 | D:3      | Killed an ogre
  3206 | D:3      | Reached skill level 5 in Short Blades
  3206 | D:3      | Reached XP level 6. HP: 36/39 MP: 6/6
  3691 | D:4      | Found a hazy altar of Hepliaklqana.
  3691 | D:4      | Found a glowing golden altar of the Shining One.
  4445 | D:4      | Reached XP level 7. HP: 28/45 MP: 7/7
  4670 | D:5      | Entered Level 5 of the Dungeon
  4903 | D:5      | Reached skill level 1 in Shields
  4915 | D:5      | Reached skill level 5 in Throwing
  4982 | D:5      | Reached XP level 8. HP: 34/50 MP: 8/8
  4992 | D:5      | Found a glowing drain.
  5005 | Sewer    | Entered a sewer
  5888 | D:5      | Noticed Edmund
  5899 | D:5      | Killed Edmund
  5900 | D:5      | Found a shadowy altar of Dithmenos.
  6011 | D:5      | Noticed Eustachio
  6012 | D:5      | Found an iron altar of Okawaru.
  6224 | D:5      | Killed Eustachio
  6685 | D:5      | Learned a level 3 spell: Dazzling Flash
  6771 | D:6      | Reached XP level 9. HP: 54/54 MP: 9/9
  6923 | D:6      | Found a staircase to the Ecumenical Temple.
  6929 | Temple   | Entered the Ecumenical Temple
  6948 | Temple   | Became a worshipper of Gozag Ym Sagoz the Greedy
  7081 | D:6      | Found Juudaol's Distillery.
  7090 | D:6      | Bought a potion of heal wounds for 65 gold pieces
  7387 | D:6      | Noticed Sigmund
  7392 | D:6      | Killed Sigmund
  7457 | D:7      | Noticed a gargoyle
  7694 | D:7      | Found Azasul's Weapon Boutique.
  8277 | D:7      | Reached skill level 10 in Short Blades
  8643 | D:7      | HP: 1/56 [gargoyle/stone arrow (27)]
  8646 | D:7      | Killed a gargoyle
  8647 | D:7      | Reached skill level 10 in Stealth
  8823 | D:7      | Found a runed translucent door.
  8824 | D:7      | Noticed Crazy Yiuf
  8917 | D:7      | Reached XP level 10. HP: 62/63 MP: 10/10
  9294 | D:7      | Killed Crazy Yiuf
  9843 | D:8      | Reached skill level 5 in Fighting
  9849 | D:8      | Reached skill level 5 in Dodging
 10088 | D:7      | Reached skill level 1 in Evocations
 10659 | D:8      | You fall into a shaft and drop 1 floor!
 10670 | D:9      | Noticed Erolcha
 10692 | D:8      | Noticed Joseph
 10707 | D:8      | Killed Joseph
 11277 | D:8      | Found a white marble altar of Elyvilon.
 11971 | D:8      | Found a staircase to the Lair.
 12298 | D:9      | Noticed a two-headed ogre
 12335 | D:9      | Killed a two-headed ogre
 12336 | D:9      | Reached skill level 1 in Spellcasting
 12336 | D:9      | Reached skill level 1 in Hexes
 12336 | D:9      | Reached XP level 11. HP: 71/71 MP: 13/13
 12461 | Lair:1   | Entered Level 1 of the Lair of Beasts
 12728 | Lair:1   | Noticed Gastronok
 12751 | Lair:1   | Killed Gastronok
 12752 | Lair:1   | Reached skill level 5 in Evocations
 12791 | Lair:1   | Noticed a seven-headed hydra
 12806 | Lair:1   | Killed a seven-headed hydra
 14380 | Lair:2   | Noticed Sapher's ghost (journeyman TrFi)
 14388 | Lair:2   | Found a bloodstained altar of Trog.
 14389 | Lair:2   | Noticed a spriggan rider
 14435 | Lair:2   | Found a transporter.
 14440 | Lair:2   | Found a transporter.
 14440 | Lair:2   | Noticed a spriggan rider
 14777 | Lair:2   | Noticed a moth of wrath
 14827 | Lair:2   | Found a staircase to the Swamp.
 14827 | Lair:2   | Noticed a swamp dragon
 14840 | Lair:2   | Killed a swamp dragon
 14841 | Lair:2   | Noticed a four-headed hydra
 14936 | Lair:2   | Killed a four-headed hydra
 15921 | Lair:1   | Bought a smoking rapier for 261 gold pieces
 15921 | Lair:1   | Identified the +8 rapier of Orheut {freeze, rPois rF+ rC+
                  | rN+} (You bought it in a shop on level 1 of the Lair of
                  | Beasts)
 16056 | Lair:3   | Reached XP level 12. HP: 77/77 MP: 18/18
 16099 | Lair:3   | Noticed an eight-headed hydra
 16107 | Lair:3   | Killed an eight-headed hydra
 16344 | Lair:3   | Reached skill level 5 in Hexes
 17047 | Lair:3   | Reached skill level 5 in Spellcasting
 17830 | Lair:4   | Reached skill level 10 in Dodging
 18118 | Lair:4   | Reached skill level 10 in Throwing
 18331 | Lair:4   | Found a hole to the Spider Nest.
 18547 | Lair:4   | Reached XP level 13. HP: 67/81 MP: 20/20
 19000 | Lair:4   | Noticed Nessos
 19008 | Lair:4   | Killed Nessos
 19535 | Lair:4   | Bought a scroll labelled BAMMAXZUSSO for 22 gold pieces
 20713 | Lair:5   | Identified the +7 flail of Due Proportion {venom, Str+4}
 21791 | Lair:6   | Entered Level 6 of the Lair of Beasts
 22471 | Lair:6   | Reached XP level 14. HP: 38/90 MP: 21/21
 23657 | Lair:6   | Found a staircase to the Slime Pits.
 23657 | Lair:6   | Found a viscous altar of Jiyva.
 26122 | D:9      | Reached skill level 15 in Stealth
 26207 | D:9      | Bought a potion of heal wounds for 65 gold pieces
 26207 | D:9      | Bought a scroll of identify for 26 gold pieces
 26207 | D:9      | Bought a scroll of identify for 26 gold pieces
 26385 | D:9      | Killed Erolcha
 26387 | D:9      | Noticed Erica
 26526 | D:9      | Killed Erica
 26924 | D:10     | Entered Level 10 of the Dungeon
 26947 | D:10     | You are sucked into a shaft and drop 1 floor!
 27174 | D:10     | Found a stormy altar of Qazlal.
 28174 | D:10     | Bought the ring "Daviod" {Will++ rCorr MP+9 Str+2} for 542
                  | gold pieces
 28190 | D:11     | Learned a level 5 spell: Silence
 28193 | D:11     | Learned a level 2 spell: Blink
 28197 | D:11     | Learned a level 3 spell: Lesser Beckoning
 29689 | D:12     | Found a flagged portal.
 29698 | Bailey   | Entered a bailey
 30101 | Bailey   | Acquired a +1 kite shield of reflection
 30135 | D:12     | Reached XP level 15. HP: 92/100 MP: 22/22
 30407 | D:12     | Found a staircase to the Orcish Mines.
 31120 | D:10     | Bought the ring "Voukkaath" {Str+4 Dex+6} for 886 gold
                  | pieces
 31186 | Orc:1    | Entered Level 1 of the Orcish Mines
 31199 | Orc:1    | Noticed Fannar
 31213 | Orc:1    | Killed Fannar
 31458 | Orc:2    | Entered Level 2 of the Orcish Mines
 31463 | Orc:2    | Noticed Jorgrun
 31482 | Orc:2    | Killed Jorgrun
 31643 | Orc:2    | Noticed an orc warlord
 31664 | Orc:2    | Killed an orc warlord
 31665 | Orc:2    | Reached skill level 5 in Shields
 32073 | Orc:2    | Noticed Rupert
 32075 | Orc:2    | Killed Rupert
 32109 | Orc:2    | Noticed Donald
 32116 | Orc:2    | Killed Donald
 32244 | Orc:2    | Found a staircase to the Elven Halls.
 32534 | Orc:2    | Found Uhavviell's General Store.
 32551 | Orc:2    | Found Ledecvod's Antique Armour Shoppe.
 32910 | Orc:2    | Noticed an orc warlord
 32938 | Orc:2    | Killed an orc warlord
 33029 | Orc:2    | Found Pihaekk's Distillery.
 33221 | Orc:2    | Found Joegear's Distillery.
 34667 | Orc:2    | Bought a transparent tower shield for 190 gold pieces
 34667 | Orc:2    | Identified the +7 tower shield of Jeprystra {-Cast rC+
                  | Stlth+} (You bought it in a shop on level 2 of the Orcish
                  | Mines)
 34668 | Orc:2    | Bought a glowing kite shield for 150 gold pieces
 34792 | D:10     | Bought a +4 ring of slaying for 936 gold pieces
 34870 | D:13     | Reached skill level 10 in Fighting
 35313 | D:13     | Reached XP level 16. HP: 109/109 MP: 23/23
 35423 | D:13     | Reached skill level 15 in Dodging
 36361 | D:14     | Found Lokhoyg's Assorted Antiques.
 36364 | D:14     | Bought a yellow potion for 20 gold pieces
 37568 | D:14     | Found a gate to the Vaults.
 37763 | D:14     | Reached skill level 10 in Hexes
 38361 | D:14     | Bought a scroll of fear for 45 gold pieces
 38361 | D:14     | Bought a scroll of fear for 45 gold pieces
 38361 | D:14     | Bought a scroll of magic mapping for 45 gold pieces
 38363 | D:15     | Entered Level 15 of the Dungeon
 38367 | D:15     | Found a staircase to the Depths.
 38374 | D:15     | Reached skill level 10 in Shields
 38489 | D:15     | Found a runed translucent gate.
 38490 | D:15     | Found a runed translucent gate.
 38492 | D:15     | Found a runed translucent gate.
 38493 | D:15     | Found an opulent altar of Gozag.
 38494 | D:15     | Noticed Dagixteadi's ghost (journeyman DsIE)
 38496 | D:15     | Found Lavvua's Assorted Antiques.
 38496 | D:15     | Found Ygyg's Assorted Antiques.
 39726 | Swamp:1  | Entered Level 1 of the Swamp
 40101 | Swamp:1  | Found a runed translucent door.
 40102 | Swamp:1  | Noticed makewrite's ghost (adept MiHu)
 40475 | Swamp:1  | Killed makewrite's ghost
 40895 | Swamp:2  | Reached XP level 17. HP: 115/115 MP: 24/24
 41085 | Swamp:2  | Reached skill level 1 in Translocations
 43649 | Swamp:3  | Found a runed translucent door.
 43649 | Swamp:3  | Found a shimmering altar of Xom.
 43649 | Swamp:3  | Noticed Vimusuoff's ghost (adept MiFi)
 43868 | Swamp:3  | Noticed Aizul
 43906 | Swamp:2  | Killed Aizul
 44718 | Swamp:3  | Reached skill level 5 in Translocations
 45582 | Swamp:4  | Entered Level 4 of the Swamp
 45722 | Swamp:4  | Reached skill level 1 in Air Magic
 46140 | Swamp:4  | Reached XP level 18. HP: 81/120 MP: 23/25
 46286 | Swamp:4  | Noticed a tentacled monstrosity
 46294 | Swamp:4  | Killed a tentacled monstrosity
 46583 | Swamp:4  | Identified the +10 shortbow of the Vulture {venom, rC+
                  | Str+4}
 46941 | Swamp:4  | Reached skill level 10 in Evocations
 47072 | Swamp:4  | Reached skill level 5 in Air Magic
 47154 | Swamp:4  | Reached skill level 15 in Shields
 47868 | Swamp:4  | Got a decaying rune of Zot
 48417 | Vaults:1 | Entered Level 1 of the Vaults
 48587 | Depths:1 | Entered Level 1 of the Depths
 48775 | Depths:1 | Found a large runed translucent door.
 48775 | Depths:1 | Found a large runed translucent door.
 48852 | Depths:1 | Found a one-way gate to the infinite horrors of the Abyss.
 48885 | Depths:1 | Found a runed translucent door.
 48958 | Depths:1 | Found a gateway to Hell.
 49038 | Depths:1 | Learned a level 3 spell: Frozen Ramparts
 49306 | Depths:1 | Noticed Mara
 49319 | Depths:1 | Killed Mara
 49320 | Depths:1 | Reached XP level 19. HP: 118/128 MP: 26/26
 49996 | Depths:1 | Found a one-way gate leading to the halls of Pandemonium.
 50261 | Depths:1 | Found a gateway to a ziggurat.
 50318 | Depths:1 | Noticed Saogh's ghost (veteran MiMo)
 51748 | Depths:1 | Identified the ring "Echoerr" {Str+3 Dex+6}
 52301 | Lair:2   | Killed Sapher's ghost
 52864 | D:15     | Killed Dagixteadi's ghost
 53171 | D:15     | Bought a scroll of identify for 60 gold pieces
 53776 | Vaults:1 | Reached XP level 20. HP: 78/139 MP: 21/28
 56230 | Vaults:2 | You fall into a shaft and drop 1 floor!
 56286 | Vaults:3 | Reached skill level 15 in Throwing
 56323 | Vaults:3 | You fall into a shaft and drop 1 floor!
 56452 | Vaults:4 | Found Itoshrupp's Weapon Shoppe.
 56479 | Vaults:4 | Bought a throwing net for 48 gold pieces
 57327 | Vaults:3 | Noticed Frederick
 57334 | Vaults:3 | Killed Frederick
 57508 | Vaults:2 | Found Sextis's Armour Boutique.
 57645 | Vaults:2 | You fall into a shaft and drop 1 floor!
 57857 | Vaults:2 | Identified the +1 cloak "Fabof" {rN+}
 57877 | Vaults:2 | Reached XP level 21. HP: 149/149 MP: 34/34
 58492 | Vaults:2 | Reached skill level 10 in Spellcasting
 58807 | Vaults:2 | Bought the +2 hood of the Assassin {Detection Stab+
                  | Stlth++} for 900 gold pieces
 58807 | Vaults:2 | Found the +2 hood of the Assassin {Detection Stab+ Stlth++}
 59395 | Vaults:3 | Reached skill level 15 in Fighting
 59876 | Vaults:3 | Noticed Mennas
 59900 | Vaults:3 | Killed Mennas
 60235 | Vaults:3 | Found a staircase to the Crypt.
 61282 | Vaults:4 | Found Gus Doku's Distillery.
 61382 | Vaults:4 | Found Isykh's Book Emporium.
 62183 | Vaults:5 | Entered Level 5 of the Vaults
 62186 | Vaults:5 | Noticed an ancient lich
 62202 | Vaults:5 | Killed an ancient lich
 62203 | Vaults:5 | Reached XP level 22. HP: 81/159 MP: 20/36
 62502 | Vaults:5 | Noticed a golden dragon
 62521 | Vaults:5 | Killed a golden dragon
 62796 | Vaults:5 | Noticed a golden dragon
 62807 | Vaults:5 | Killed a golden dragon
 62921 | Vaults:5 | Identified the ring "Meaggoz" {+Blink Fly rN+ Stlth+}
 63175 | Vaults:5 | Identified the +11 flail of the Final Decision {venom,
                  | rPois rN+}
 63487 | Vaults:5 | Noticed Sojobo
 63604 | Vaults:5 | Paralysed by an air elemental for 1 turns
 63608 | Vaults:5 | Killed an ancient lich
 64178 | Vaults:5 | Killed Sojobo
 64531 | Vaults:5 | Identified the +1 pair of gloves "Sathrua" {Str+4}
 64590 | Vaults:5 | Got the Guide on Ignition
 64592 | Vaults:5 | Got Ewkuosay's Disquisition on Supportive Evil Rituals
 64875 | Vaults:5 | Got the Tome of Vitriolic Changing
 64886 | Vaults:5 | Got a silver rune of Zot
 65047 | Vaults:5 | Identified the +2 rapier of Accidental Termination {vorpal,
                  | rCorr Int+3}
 65106 | Vaults:5 | Identified the +0 pair of boots of Ukute {*Corrode Str+8}
 65192 | Vaults:4 | Bought a manual of Fighting for 1520 gold pieces
 65905 | Depths:2 | Found a blossoming altar of Fedhas.
 65922 | Depths:2 | Noticed a golden dragon
 65937 | Depths:2 | Killed a golden dragon
 66167 | Depths:2 | Reached XP level 23. HP: 169/169 MP: 37/37
 66179 | Depths:2 | Found a basalt altar of Yredelemnul.
 66356 | Depths:2 | Found a broken altar of Ashenzari.
 66398 | Depths:2 | Found a transporter.
 66404 | Depths:2 | Identified the ring "Uzean" {+Blink rF+ rC+ Str-2 Int+6}
 66489 | Depths:2 | Identified the ring of Patu {rN+ Str+6 Int+4 Slay+5 Stlth+}
 66514 | Depths:2 | Found a transporter.
 66550 | Depths:2 | Identified the ring "Fatabro" {rN+ Will+ Str+3 Dex+2}
 67474 | Depths:3 | Identified the +3 scale mail of the Secret Mice {rPois
                  | Will- Int+6}
 68450 | Depths:4 | Noticed Louise
 69334 | Depths:4 | Killed Louise
 69588 | Depths:4 | Found a stormy altar of Qazlal.
 70440 | Depths:4 | Reached XP level 24. HP: 181/181 MP: 37/37
 70471 | Depths:4 | Noticed a juggernaut
 70937 | Depths:4 | Killed a juggernaut
 71167 | Depths:4 | Found an ancient bone altar of Kikubaaqudgha.
 71744 | Depths:5 | Entered Level 5 of the Depths
 72508 | Depths:5 | Found a gate to the Realm of Zot.
 73539 | Depths:4 | Bought a scroll of acquirement for 1976 gold pieces
 73541 | Depths:4 | Acquired the +7 Spriggan's Knife {stab, EV+4 Stlth+}
 73541 | Depths:4 | Found the +7 Spriggan's Knife {stab, EV+4 Stlth+}
 73544 | Depths:4 | Bought a smoking rapier for 342 gold pieces
 73544 | Depths:4 | Identified the +7 rapier "Effeutt" {vamp, Will+ Str+7} (You
                  | bought it in a shop on level 4 of the Depths)
 73978 | Elf:1    | Entered Level 1 of the Elven Halls
 74317 | Elf:1    | Got Toliotab's Disquisition on Calling
 74339 | Elf:1    | Found Guupysu's Overcharged Wands.
 74398 | Elf:1    | Found Hamn's Jewellery Emporium.
 74912 | Elf:2    | Found a runed translucent gate.
 74912 | Elf:2    | Found a runed translucent gate.
 74913 | Elf:2    | Found a runed translucent gate.
 75259 | Elf:2    | Identified Roxanne's Almanac of Clay
 75259 | Elf:2    | Noticed Roxanne
 75562 | Elf:2    | Noticed Saint Roka
 75592 | Elf:2    | Killed Saint Roka
 76291 | Elf:2    | Reached XP level 25. HP: 167/189 MP: 37/37
 77558 | Elf:2    | Killed Roxanne
 77589 | Elf:3    | Entered Level 3 of the Elven Halls
 78105 | Elf:3    | Identified the +7 long sword "Ceus" {venom, Int+4}
 78466 | Elf:3    | Found the +3 hat of Pondering {ponderous, Will+ MP+10
                  | Int+5}
 79141 | Elf:3    | Found Dorghy's Firing Range.
 79159 | Elf:3    | Bought 7 boomerangs for 52 gold pieces
 79765 | Elf:3    | Got Exuirov's Reference Book on Snow
 80435 | Swamp:3  | Killed Vimusuoff's ghost
 80440 | Swamp:3  | Identified the +9 war axe of a ziggurat {spect, rElec rN+}
 81136 | Crypt:1  | Entered Level 1 of the Crypt
 83457 | Crypt:2  | Reached XP level 26. HP: 199/199 MP: 37/37
 84422 | Crypt:2  | Got the Incunabulum of Mutagenic Conjuration
 84549 | Crypt:1  | Bought the amulet "Wodde" {Reflect Int+7 Slay+3 SH+5} for
                  | 1414 gold pieces
 84641 | Crypt:3  | Entered Level 3 of the Crypt
 85536 | Crypt:3  | Found an ancient bone altar of Kikubaaqudgha.
 85890 | Crypt:3  | Noticed an ancient lich
 85899 | Crypt:3  | Killed an ancient lich
 86300 | Crypt:3  | Found a staircase to the Tomb.
 87757 | Crypt:3  | Identified the +4 flail of Misery {drain, Int+3}
 88175 | Depths:1 | Killed Saogh's ghost
 88787 | Spider:1 | Entered Level 1 of the Spider Nest
 88838 | Spider:1 | Noticed Nikola
 88859 | Spider:1 | Killed Nikola
 89261 | Spider:1 | Found a runed translucent gate.
 89261 | Spider:1 | Found a runed translucent gate.
 89261 | Spider:1 | Found a runed translucent gate.
 89264 | Spider:1 | Noticed Mitsuki's ghost (adept DECj)
 89285 | Spider:1 | Killed Mitsuki's ghost
 91431 | Spider:3 | Found a runed translucent door.
 91434 | Spider:3 | Noticed Vubreenic's ghost (adept CeHu)
 91442 | Spider:3 | Killed Vubreenic's ghost
 92738 | Spider:4 | Entered Level 4 of the Spider Nest
 92739 | Spider:4 | Found a frozen archway.
 92876 | IceCv    | Entered an ice cave
 92877 | IceCv    | Found a transporter.
 92883 | IceCv    | Reached XP level 27. HP: 165/214 MP: 37/37
 93081 | IceCv    | Found a transporter.
 94432 | Spider:4 | Got a gossamer rune of Zot
 94947 | Zot:1    | Entered Level 1 of the Realm of Zot
 98654 | Zot:2    | Identified the +8 trident "Koumido" {venom, Fragile Will-
                  | rCorr Str+7}
 98859 | Zot:3    | Reached skill level 15 in Evocations
101603 | Zot:5    | Entered Level 5 of the Realm of Zot
101843 | Zot:5    | Noticed an orb of fire
101889 | Zot:5    | Noticed an orb of fire
102172 | Zot:5    | Noticed an orb of fire
102236 | Zot:5    | Found the +4 dragonskin cloak
102236 | Zot:5    | Noticed Tiamat
102264 | Zot:5    | Noticed an orb of fire
102269 | Zot:5    | Killed Tiamat
102659 | Zot:5    | Noticed a dread lich
102676 | Zot:5    | Killed a dread lich
102791 | Zot:5    | Noticed an ancient lich
102806 | Zot:5    | Killed an ancient lich
103038 | Zot:5    | Noticed a dread lich
103043 | Zot:5    | Killed a dread lich
103055 | Zot:5    | Noticed an orb of fire
103063 | Zot:5    | Noticed an orb of fire
103064 | Zot:5    | Noticed an orb of fire
103069 | Zot:5    | Noticed an orb of fire
103078 | Zot:5    | Gained mutation: You are clumsy. (Dex -2) [an orb of fire]
103292 | Zot:5    | Gained mutation: You do not regenerate when monsters are
                  | visible. [an orb of fire]
103297 | Zot:5    | Killed an orb of fire
103300 | Zot:5    | Noticed an orb of fire
103310 | Zot:5    | Gained mutation: Your body sometimes deteriorates upon
                  | taking damage. [an orb of fire]
103311 | Zot:5    | Gained mutation: Your magical capacity is low. (-10% MP)
                  | [an orb of fire]
103319 | Zot:5    | Killed an orb of fire
103334 | Zot:5    | Killed an orb of fire
103346 | Zot:5    | Gained mutation: You are very clumsy. (Dex -4) [an orb of
                  | fire]
103360 | Zot:5    | HP: 10/217 [green draconian scorcher/bolt of fire (5)]
103362 | Zot:5    | Killed an orb of fire
103864 | Zot:4    | Lost mutation: You are very clumsy. (Dex -4) [potion of
                  | mutation]
103864 | Zot:4    | Lost mutation: Your magical capacity is low. (-10% MP)
                  | [potion of mutation]
103864 | Zot:4    | Gained mutation: One of your tentacles bears a spike.
                  | [potion of mutation]
103864 | Zot:4    | Gained mutation: One of your tentacles bears a nasty spike.
                  | [potion of mutation]
103864 | Zot:4    | Gained mutation: Your muscles are strong. (Str +2) [potion
                  | of mutation]
103865 | Zot:4    | Lost mutation: One of your tentacles bears a nasty spike.
                  | [potion of mutation]
103865 | Zot:4    | Gained mutation: You are partially covered in iridescent
                  | scales. (AC +2) [potion of mutation]
103865 | Zot:4    | Gained mutation: You are covered in fur. (AC +1) [potion of
                  | mutation]
103865 | Zot:4    | Gained mutation: You are partially covered in large bone
                  | plates. (SH +4) [potion of mutation]
103904 | Zot:5    | Noticed an orb of fire
103906 | Zot:5    | Lost mutation: Your muscles are strong. (Str +2) [an orb of
                  | fire]
103909 | Zot:5    | Gained mutation: Your spells are a little easier to cast,
                  | but a little less powerful. [an orb of fire]
103919 | Zot:5    | Gained mutation: You are weak. (Str -2) [an orb of fire]
103921 | Zot:5    | Killed an orb of fire
104218 | Zot:5    | HP: 8/217 [orb of fire/fireball (27)]
104622 | Zot:5    | Gained mutation: You are frail. (-10% HP) [an orb of fire]
104629 | Zot:5    | Killed an orb of fire
104891 | Zot:5    | Noticed an orb of fire
104892 | Zot:5    | Gained mutation: You sometimes lose the ability to read
                  | scrolls when taking damage. [an orb of fire]
104904 | Zot:5    | Killed an orb of fire
104926 | Zot:5    | Killed an ancient lich
105208 | Zot:5    | Noticed an orb of fire
105219 | Zot:5    | Gained mutation: You occasionally shout uncontrollably at
                  | your foes. [an orb of fire]
105221 | Zot:5    | Killed an orb of fire
105889 | Zot:5    | Lost mutation: You sometimes lose the ability to read
                  | scrolls when taking damage. [potion of mutation]
105889 | Zot:5    | Lost mutation: One of your tentacles bears a spike. [potion
                  | of mutation]
105889 | Zot:5    | Lost mutation: You are frail. (-10% HP) [potion of
                  | mutation]
105889 | Zot:5    | Gained mutation: Your mind is acute. (Int +2) [potion of
                  | mutation]
105890 | Zot:5    | Lost mutation: You are partially covered in iridescent
                  | scales. (AC +2) [potion of mutation]
105890 | Zot:5    | Lost mutation: Your body sometimes deteriorates upon taking
                  | damage. [potion of mutation]
105890 | Zot:5    | Gained mutation: Your system is resistant to poisons.
                  | (rPois) [potion of mutation]
105891 | Zot:5    | Lost mutation: You are clumsy. (Dex -2) [potion of
                  | mutation]
105891 | Zot:5    | Lost mutation: You occasionally shout uncontrollably at
                  | your foes. [potion of mutation]
105891 | Zot:5    | Gained mutation: You are frail. (-10% HP) [potion of
                  | mutation]
106235 | D:6      | Bought a potion of haste for 130 gold pieces
106235 | D:6      | Bought a potion of berserk rage for 65 gold pieces
106235 | D:6      | Bought a potion of haste for 130 gold pieces
106235 | D:6      | Bought a potion of heal wounds for 65 gold pieces
106235 | D:6      | Bought a potion of curing for 39 gold pieces
106235 | D:6      | Bought a potion of curing for 39 gold pieces
106235 | D:6      | Bought a potion of cancellation for 104 gold pieces
106235 | D:6      | Bought a potion of curing for 39 gold pieces
106387 | D:14     | Bought a scroll of teleportation for 39 gold pieces
106387 | D:14     | Bought a scroll of silence for 97 gold pieces
106387 | D:14     | Bought 3 scrolls of fog for 78 gold pieces
106557 | Orc:2    | Bought a potion of curing for 42 gold pieces
106557 | Orc:2    | Bought a potion of curing for 42 gold pieces
106557 | Orc:2    | Bought a potion of heal wounds for 70 gold pieces
106588 | Orc:2    | Bought a potion of might for 60 gold pieces
106588 | Orc:2    | Bought a potion of heal wounds for 75 gold pieces
106588 | Orc:2    | Bought a potion of heal wounds for 75 gold pieces
106588 | Orc:2    | Bought a potion of curing for 45 gold pieces
106588 | Orc:2    | Bought a potion of haste for 150 gold pieces
106588 | Orc:2    | Bought a potion of haste for 150 gold pieces
106588 | Orc:2    | Bought a potion of curing for 45 gold pieces
106821 | Hell     | Entered the Vestibule of Hell
106821 | Hell     | Noticed Geryon
106837 | Hell     | Killed Geryon
108098 | Hell     | Gained mutation: Your magical capacity is low. (-10% MP) [a
                  | cacodemon]
110443 | Hell     | Found a gateway to the ashen valley of Gehenna.
110474 | Hell     | Found a gateway to the decaying netherworld of Tartarus.
110520 | Hell     | Found a gateway to the freezing wastes of Cocytus.
110596 | Hell     | Found a gateway to the Iron City of Dis.
111078 | Elf:1    | Bought a wand of digging (15) for 646 gold pieces
111318 | Zig:1    | Entered Level 1 of a ziggurat
111343 | Zig:2    | Entered Level 2 of a ziggurat
111375 | Zig:3    | Entered Level 3 of a ziggurat
111523 | Zig:4    | Entered Level 4 of a ziggurat
111574 | Zig:4    | Identified the +9 plate armour of Midwinter {MP+9 Str+2}
111763 | Zig:5    | Entered Level 5 of a ziggurat
111774 | Zig:5    | HP: 2/195 [shock serpent/bolt of electricity (16)]
111774 | Zig:5    | Killed from afar by a shock serpent

Illustrated notes

Levels and vault maps discovered:
D:1:      amcnicky_arrival_choice, layout_loops_ring
D:2:      layout_loops_corners, chequers_ecumenical_altar_island, basic_altar,
          minmay_misc_feat_rugged, minmay_small_reverse_x
D:3:      layout_loops_corners, minmay_ogre_servants, uniq_robin
D:4:      cheibrodos_greedy_goblins, layout_rooms,
          gammafunk_temple_overflow_elements, minmay_manual_mares
D:5:      layout_rooms, grunt_dithmenos_smoke, okawaru_ov_weapons_minmay,
          portal_sewer_entry_d, serial_rivers, chequers_serial_rivers_small_a,
          chequers_serial_rivers_room_b, chequers_serial_rivers_marsh,
          chequers_serial_rivers_micro_c, chequers_serial_rivers_marsh,
          kennysheep_opposing_triangles, uniq_eustachio, uniq_edmund
D:6:      layout_cave_pools, minmay_temple_entry_hall, serial_shops, shop,
          minmay_stone_trees_small, sigmund_army
D:7:      layout_gridville, serial_shops, nicolae_shop_trees, serial_bayou,
          serial_bayou_shore_a, serial_bayou_pond_e, serial_bayou_pond_d,
          serial_bayou_crossing, uniq_crazy_yiuf_cottage
D:8:      layout_rooms, marbit_many_paths, erik_lair_dragon, uniq_joseph
D:9:      layout_rooms, kennysheep_generic_room_11, uniq_erica, uniq_erolcha
D:10:     layout_roguey, nicolae_qazlal_general_emergency
D:11:     layout_gridville, nicolae_wand_duel
D:12:     layout_roguey, david_orc_4, enter_bailey_3, minmay_misc_feat_pillars,
          chequers_serial_rivers_micro_c
D:13:     layout_basic, minmay_alternating_orb
D:14:     layout_basic, david_vaults_1, special_room
          [special_room_mythical_zoo], serial_shops, nicolae_stop_n_shop_1
D:15:     grunt_enter_depths_giant_problem, layout_loops_cross,
          minmay_misc_feat_diagonals, ebering_ghost_gozag
Temple:   eino_temple_scatter_basement
Lair:1:   layout_chaotic_city, uniq_gastronok
Lair:2:   layout_long_grid, minmay_swamp_entry_reptiles,
          gammafunk_ghost_wrathful_warriors, serial_bayou_pond_c
Lair:3:   layout_roguey, beast_lair_carwin_5
Lair:4:   layout_long_grid, spider_nest_entry_a, chequers_serial_rivers_large_a,
          uniq_nessos
Lair:5:   layout_regular_city, st_stairs_12
Lair:6:   evilmike_catoblepas_cave, layout_regular_city, slime_altar_1,
          nzn_sisyphean_effort
Swamp:1:  layout_falls_marsh, ebering_ghost_reflecting_pool, serial_swamp_ruin,
          evilmike_swamp_ruin_house_6, evilmike_swamp_ruin_house_2,
          nzn_swamp_blast_mining
Swamp:2:  nicolae_swamp_flooded_prison, layout_basic_swamp,
          evilmike_swamp_ruin_rubble_2
Swamp:3:  layout_falls_marsh, ebering_ghost_xom, evilmike_swamp_ruin_house_4,
          swamp_pool1, hangedman_swamp_diagram, uniq_aizul
Swamp:4:  nzn_swamp_witches_coven, layout_basic_swamp
Spider:1: layout_spider_delve, gammafunk_ghost_necromancy,
          spiders_nest_spider_trap, uniq_nikola
Spider:2: layout_chambers
Spider:3: layout_spider_delve, special_room [special_room_bee],
          ebering_ghost_reflecting_pool, nicolae_spider_moth_buddies,
          hangedman_spider_tarantella_strand
Spider:4: guppyfry_spider_rune, portal_ice_cave_entry_ugly_swarm
Orc:1:    layout_caves, uniq_fannar
Orc:2:    pubby_orc_utopia, uniq_donald, uniq_jorgrun, uniq_rupert
Elf:1:    eino_elf_arrival_shootout, layout_loops_cross, serial_shops, shop,
          minmay_elf_demonology, dk_noncrumbling_3,
          nicolae_shop_overcharged_wands
Elf:2:    elven_hall_of_blades_hangedman_original
          [nicolae_blade_entry_crossed_weapons], layout_loops_corners,
          fake_guardian_serpent_vault, grunt_megastairs_4, uniq_saint_roka,
          uniq_roxanne
Elf:3:    elf_hall_gauntlet_narrow, layout_geoelf_diagonals,
          nicolae_shop_firing_range
Vaults:1: v_misc_4, nicolae_vaults_network_star, vaults_room_corners,
          ontoclasm_vaults_pinch, nicolae_vaults_network_quinsquares
          [nicolae_vaults_network_quincunx_subvault,
          nicolae_vaults_network_quincunx_subvault,
          nicolae_vaults_network_quincunx_subvault,
          nicolae_vaults_network_quincunx_subvault], v_pattern_2,
          nicolae_vaults_little_squares_6, v_misc_27, vaults_dpeg_encased_lava,
          vaults_room_pool, layout_vaults_quadrants
Vaults:2: hangedman_vaults_stitches, nicolae_vaults_branching_niches,
          nicolae_vaults_network_barrier, hangedman_vaults_slither,
          nicolae_vaults_specimen_jars, hangedman_vaults_cutoff,
          grunt_vaults_twisty, v_pattern_5, nicolae_vaults_little_squares_2,
          v_alt_pattern_1, nicolae_vaults_little_squares_2,
          nicolae_vaults_rhombus_7, vaults_dpeg_diagonal, layout_vaults_omnibox,
          serial_shops, shop
Vaults:3: grunt_vaults_hallway_long, hangedman_vaults_stream, v_alt_pattern_6,
          vaults_room_octagon, grunt_vaults_diagonal,
          minmay_crypt_entry_simple_walls, ontoclasm_vaults_idyll,
          nicolae_vaults_diagonal_hallway_6, v_misc_5, v_misc_30,
          nicolae_vaults_asterisk, layout_vaults_big_room, uniq_mennas,
          uniq_frederick
Vaults:4: grunt_vaults_funnel, dpeg_vaults_monster_box,
          nicolae_vaults_network_s, v_misc_3, hangedman_vaults_cutoff,
          vaults_room_fancy_cross, serial_ice_m,
          vaults_mumra_minichess_inversion, nicolae_vaults_little_squares_6,
          vaults_room_pools, layout_vaults_omnicross, serial_shops,
          nicolae_shop_waterfront, shop, shop
Vaults:5: uniq_sojobo
Crypt:1:  layout_chaotic_city, grunt_crypt_arrival_guarded_gate
Crypt:2:  layout_catacombs
Crypt:3:  evilmike_haunted_forest
Depths:1: layout_honeycomb, enter_ziggurat_f, ebering_ghost_disaster_area,
          grunt_pan_entry_in_and_out, abyss_entry_small_statue_room, hell_entry,
          kennysheep_pointless_box, minmay_misc_feat_room,
          chequers_serial_rivers_small_a, hex_large,
          minmay_misc_feat_four_crosses, minmay_acid_items, uniq_mara
Depths:2: hangedman_spin_cycle, hell_entry
Depths:3: kennysheep_ogre_elephant_herders, layout_cave_pools,
          chequers_serial_rivers_marsh, hell_entry, pan_entry, moated_statue
Depths:4: minmay_octo_star, layout_cave_shapes, basic_altar,
          nicolae_abyss_entry_one_way_or_another, hell_entry,
          lemuel_zombie_altar_kikubaaqudgha
Depths:5: evilmike_zot_entry_diamond, layout_long_grid, hell_entry,
          nicolae_lava_and_water
Hell
Zot:1:    layout_twisted_circle
Zot:2:    layout_gridlike, st_single_dragon_hoard_4, grunt_megastairs_2,
          lemuel_elevator
Zot:3:    layout_basic, st_single_dragon_hoard_3, grunt_megastairs_5
Zot:4:    layout_cellular_growth
Zot:5:    layout_concentric_octagons, st_stairs_10, lemuel_lake_of_fire,
          uniq_tiamat
Zig:5

Skill      XL: |  1  2  3  4  5  6  7  8  9 10 11 12 13 14 15 16 17 18 19 20 21 22 23 24 25 26 27 |
---------------+----------------------------------------------------------------------------------+-----
Short Blades   | 3 4 5 6 7 8 10 12 14 | 14.0
Throwing       | 3 4 5 6 7 9 10 11 12 14 15 16 18 19 20 25 | 25.0
Shields        | 1 3 4 6 11 13 15 17 | 17.0
Stealth        | 6 10 12 15 16 18 19 20 24 25 | 25.0
Dodging        | 3 6 8 10 11 13 14 15 16 18 19 20 | 20.0
Fighting       | 3 5 6 8 10 11 12 14 15 17 19 20 21 24 25 | 25.0
Evocations     | 4 5 9 10 15 | 15.0
Spellcasting   | 1 4 5 9 10 12 | 12.7
Hexes          | 1 4 5 8 10 13 | 13.1
Translocations | 5 |  5.0
Air Magic      | 2 5 |  5.0

Action                   |  1- 3 |  4- 6 |  7- 9 | 10-12 | 13-15 | 16-18 | 19-21 | 22-24 | 25-27 || total
-------------------------+-------+-------+-------+-------+-------+-------+-------+-------+-------++-------
Melee: Dagger            |    45 |    64 |   182 |   223 |       |       |       |       |       ||   514
       Tentacles         |     8 |    16 |    38 |    94 |   254 |   269 |   382 |   341 |   819 ||  2221
       Constrict         |    12 |    22 |    38 |    51 |   124 |    99 |    84 |   110 |   325 ||   865
       Rapier            |       |       |       |   161 |   881 |   755 |   920 |   914 |  2246 ||  5877
       Kick              |       |       |       |       |       |       |       |       |    31 ||    31
Throw: Stone             |    24 |   120 |   112 |   238 |   406 |    54 |       |       |       ||   954
       Dart              |     3 |     5 |    23 |    99 |    59 |     3 |     1 |       |       ||   193
       Javelin           |       |       |     4 |     5 |    17 |    24 |    22 |       |    14 ||    86
       Boomerang         |       |       |       |       |    14 |   311 |    46 |   246 |   598 ||  1215
 Cast: Dazzling Flash    |       |       |       |     1 |     9 |     5 |     4 |    17 |     6 ||    42
       Blink             |       |       |       |       |       |     2 |     9 |     6 |     6 ||    23
       Lesser Beckoning  |       |       |       |       |       |     1 |       |       |       ||     1
       Silence           |       |       |       |       |       |       |     1 |       |       ||     1
       Frozen Ramparts   |       |       |       |       |       |       |     1 |       |       ||     1
Invok: Call Merchant     |       |       |       |     1 |     3 |     1 |       |     1 |     2 ||     8
       Potion Petition   |       |       |       |       |       |     3 |     2 |     1 |     5 ||    11
       Bribe Branch      |       |       |       |       |       |       |     1 |       |     1 ||     2
Evoke: Wand              |       |     2 |     3 |    15 |    10 |     4 |     1 |     3 |     3 ||    41
       Phial of floods   |       |       |       |       |       |       |     1 |       |     1 ||     2
       Box of beasts     |       |       |       |       |       |       |     1 |       |     1 ||     2
       Phantom mirror    |       |       |       |       |       |       |       |     1 |       ||     1
       Condenser vane    |       |       |       |       |       |       |       |       |     3 ||     3
       Tin of tremorston |       |       |       |       |       |       |       |       |     3 ||     3
  Use: Scroll            |     1 |     6 |     6 |     5 |     9 |    10 |     5 |     2 |    11 ||    55
       Potion            |       |       |     2 |     1 |       |     4 |     1 |     1 |    21 ||    30
 Stab: Sleeping          |     9 |     4 |    10 |     2 |    44 |    31 |    79 |    65 |   118 ||   362
       Distracted        |       |       |     1 |     3 |    10 |    10 |    19 |    20 |    30 ||    93
       Paralysed         |       |       |       |     1 |     1 |       |       |       |       ||     2
       Invisible         |       |       |       |       |     1 |     9 |       |    10 |     5 ||    25
Armor: Skin              |     5 |     4 |     6 |    15 |    25 |    14 |     7 |    33 |    75 ||   184
Dodge: Dodged            |    28 |    25 |    51 |   120 |   413 |   310 |   332 |   296 |   856 ||  2431
Block: Buckler           |       |       |    26 |    29 |   135 |    86 |       |       |       ||   276
       Kite shield       |       |       |       |       |       |   117 |   485 |   396 |  1479 ||  2477
       Reflection        |       |       |       |       |       |     7 |    18 |    34 |    28 ||    87
